 Dungeon Crawl Stone Soup version 0.27-a0-789-g6bb3289e1e (webtiles) character file.

Game seed: 7333584329152376523

222 kingj the Skirmisher (level 5, -6/44 HPs)
             Began as a Palentonga Fighter on Mar 27, 2021.
             Mangled by Duvessa
             ... wielding a +2 short sword of freezing
              (7 damage)
             ... on level 5 of the Dungeon.
             The game lasted 00:08:30 (3088 turns).

kingj the Skirmisher (Palentonga Fighter)           Turns: 3088, Time: 00:08:30

Health: -6/44      AC:  8    Str: 19    XL:     5   Next: 66%
Magic:  1/5        EV:  9    Int:  9    God:
Gold:   84         SH:  0    Dex: 10    Spells: 2/4 levels left

rFire    . . .     SeeInvis +   l - +1 mace (vorpal)
rCold    . . .     Faith    .   (no shield)
rNeg     . . .     Spirit   .   f - +0 leather armour
rPois    .         Reflect  .   j - +0 helmet
rElec    .         Harm     .   r - +1 cloak
rCorr    .         Rampage  .   (no gloves)
Will     .....                  (no barding)
Stlth    +.........             (no amulet)
HPRegen  0.14/turn              p - ring of flight
MPRegen  0.09/turn              (no ring)

@: no status effects
A: large, rugged brown scales 3, see invisible, deformed body, roll 1, armoured
tail
a: Rolling Charge, Evoke Flight


You were on level 5 of the Dungeon.
You visited 1 branch of the dungeon, and saw 4 of its levels.

You collected 84 gold pieces.

Inventory:

Hand Weapons
 a - a +0 war axe
 l - a +1 vorpal mace (weapon)
Armour
 b - a +0 scale mail
 c - a +0 kite shield
 f - a +0 leather armour (worn)
 j - a +0 helmet (worn)
 r - a +1 cloak (worn)
Jewellery
 p - a ring of flight (right hand)
Scrolls
 i - 2 scrolls of magic mapping
Potions
 d - 2 potions of might
 e - a potion of lignification
 k - a potion of berserk rage {unknown}
 m - a potion of invisibility {unknown}
 o - a potion of mutation {unknown}
 q - a potion of brilliance {unknown}


   Skills:
 + Level 4.1 Fighting
 - Level 2.5(3.1) Axes
 + Level 2.4(3.0) Maces & Flails
 + Level 3.0 Armour
 + Level 1.4 Dodging
 + Level 2.7 Shields
 + Level 0.1 Spellcasting
 + Level 0.1 Hexes


You had 2 spell levels left.
You knew the following spells:

 Your Spells              Type           Power      Damage    Failure   Level
a - Summon Small Mammal   Summ           0%         N/A       43%         1
b - Corona                Hex            0%         N/A       43%         1

Your spell library contained the following spells:

 Spells                   Type           Power      Damage    Failure   Level
 Animate Skeleton         Necr           0%         N/A       43%         1
 Apportation              Tloc           0%         N/A       43%         1


Dungeon Overview and Level Annotations

Branches:
Dungeon (3/15)

Altars:
Fedhas
Trog

Annotations:
D:5 Duvessa


Innate Abilities, Weirdness & Mutations

You are completely covered in rugged brown scales. (AC +3, +7% HP)
You have supernaturally acute eyesight. (SInv)
Armour fits poorly on your strangely shaped body.
You can roll at nearby foes to attack.
You have a long armoured tail.


Message History

Confirm with . or Enter, or press ? or * to list all spells.
Aiming: Corona (safe; 43% risk of failure)
Press: ? - help, Shift-Dir - straight line, f - Duvessa
Aim: Duvessa, wielding a +2 short sword of freezing and wearing a +0 scale mail (berserk, chance to affect: 18%) Duvessa easily resists.
Casting: Corona (safe; 43% risk of failure)
Confirm with . or Enter, or press ? or * to list all spells.
Aiming: Corona (safe; 43% risk of failure)
Press: ? - help, Shift-Dir - straight line, f/p - Duvessa
Aim: Duvessa, wielding a +2 short sword of freezing and wearing a +0 scale mail (berserk, chance to affect: 18%) Duvessa easily resists.
Casting: Corona (safe; 43% risk of failure)
Confirm with . or Enter, or press ? or * to list all spells.
You hear a shout!
Duvessa hits you with a +2 short sword of freezing!
Duvessa freezes you.
Your bat closely misses Duvessa.
Things that are here:
a +3 dagger of electrocution; a +0 robe; the elf corpse of Dowan Your bat hits Duvessa but does no damage.
Duvessa hits your bat with a +2 short sword of freezing!!
Duvessa freezes your bat.
Your bat dies!
Your bat's corpse disappears in a puff of smoke!
Duvessa shouts!
Duvessa hits you with a +2 short sword of freezing.
Duvessa freezes you.
* * * LOW HITPOINT WARNING * * *
Duvessa hits you with a +2 short sword of freezing.
* * * LOW HITPOINT WARNING * * *
Duvessa freezes you.
* * * LOW HITPOINT WARNING * * *
Duvessa hits you with a +2 short sword of freezing.
* * * LOW HITPOINT WARNING * * *
Duvessa freezes you.
* * * LOW HITPOINT WARNING * * *
Okay, then.
As you read the scroll of fog, it crumbles to dust.
The scroll dissolves into smoke.
Duvessa hits you with a +2 short sword of freezing!
You die...

##...##
##.....##
##.......#
........#
.......#
.....#
##§§.####
#§e§....#
#@#.###.#
#§#.# #§§.#
#..##
#..####.#
##.......#
##.#)######
####....#
+..†....#


You could see Duvessa (berserk).

Vanquished Creatures
  Dowan (D:5)
  Crazy Yiuf (D:2)
  Jessica (D:2)
  3 gnolls (D:2)
  3 adders
  2 worms
  A dart slug (D:2)
  2 orcs (D:3)
  2 endoplasms (D:1)
  3 giant cockroaches
  7 goblins
  6 hobgoblins
  A quokka (D:2)
  5 ball pythons
  6 bats
  2 frilled lizards (D:1)
  8 kobolds
  10 rats
64 creatures vanquished.

Vanquished Creatures (others)
  A plant (D:1)
1 creature vanquished.

Grand Total: 65 creatures vanquished

Notes
Turn   | Place    | Note
-------+----------+-------------------------------------------
     0 | D:1      | kingj the Palentonga Fighter began the quest for the Orb.
     0 | D:1      | Reached XP level 1. HP: 19/19 MP: 1/1
   132 | D:1      | Reached XP level 2. HP: 22/25 MP: 2/2
   837 | D:2      | Learned a level 1 spell: Summon Small Mammal
   851 | D:2      | Reached XP level 3. HP: 31/31 MP: 1/3
   853 | D:2      | Learned a level 1 spell: Corona
  1576 | D:2      | Noticed Jessica
  1582 | D:2      | Killed Jessica
  1583 | D:2      | Reached skill level 1 in Dodging
  1583 | D:2      | Reached XP level 4. HP: 8/37 MP: 4/4
  2179 | D:2      | Noticed a moth of wrath
  2182 | D:2      | Found a bloodstained altar of Trog.
  2248 | D:2      | Reached skill level 1 in Maces & Flails
  2591 | D:2      | Found a runed translucent door.
  2592 | D:2      | Noticed Crazy Yiuf
  2619 | D:2      | Killed Crazy Yiuf
  2620 | D:2      | Reached XP level 5. HP: 40/44 MP: 5/5
  2985 | D:3      | You fall into a shaft and drop 2 floors!
  2985 | D:5      | Entered Level 5 of the Dungeon
  2987 | D:5      | Found a blossoming altar of Fedhas.
  3032 | D:5      | Noticed Dowan
  3054 | D:5      | Killed Dowan
  3055 | D:5      | Reached skill level 4 in Fighting
  3074 | D:5      | Noticed Duvessa
  3087 | D:5      | HP: 1/44 [Duvessa/+2 short sword of freezing (2)]
  3088 | D:5      | Mangled by Duvessa

Illustrated notes

Levels and vault maps discovered:
D:1:      roderic_dead_forest, layout_rooms, serial_bayou_pond_e, st_stairs_14
D:2:      layout_loops_ring, tgw_trog, uniq_jessica, uniq_crazy_yiuf_cottage
D:3:      layout_basic, lemuel_doored_altar, ebering_ghost_sewer_d
D:5:      layout_loops_corners, slow_altar_1, fedhas_altar_1, uniq_duvessa,
          uniq_menkaure

Skill      XL: |  1  2  3  4  5 |
---------------+----------------+-----
Dodging        | 1 |  1.4
Armour         | 3 |  3.0
Maces & Flails | 1 2 |  2.4
Fighting       | 4 |  4.1
Axes           | |  2.5
Shields        | |  2.7
Spellcasting   | |  0.1
Hexes          | |  0.1

Action                   |  1- 3 |  4- 6 || total
-------------------------+-------+-------++-------
Melee: War axe           |    66 |       ||    66
       Tailslap          |     3 |     9 ||    12
       Mace              |     5 |    82 ||    87
 Cast: Summon Small Mamm |     1 |     1 ||     2
       Corona            |     1 |     4 ||     5
  Use: Scroll            |       |     6 ||     6
Armor: Scale mail        |     3 |       ||     3
       Leather armour    |    24 |    24 ||    48
Dodge: Dodged            |    25 |    38 ||    63
Block: Kite shield       |    16 |       ||    16

Table legend: (Time is in decaauts)
 A = Elapsed time spent in this place.
 B = Non-inter-level travel time spent in this place.
 C = Inter-level travel time spent in this place.
 D = Time resting spent in this place.
 E = Time spent auto-exploring this place.
 F = Levels seen in this place.
 G = Mean time per level.
                   A        B        C        D        E       F      G
               +--------+--------+--------+--------+--------+-----+--------+
         Total |   3157 |   3103 |     54 |    719 |   1747 |   4 |  789.2 |
       Dungeon |   3157 |   3103 |     54 |    719 |   1747 |   4 |  789.2 |
               +--------+--------+--------+--------+--------+-----+--------+

Top non-repeatable levels by time:
     D:2: 1868 daAuts
     D:1: 973 daAuts
     D:3: 208 daAuts
     D:5: 105 daAuts
